 Dungeon Crawl Stone Soup version 0.20-a0-1126-g0f15420 (webtiles) character file.

150 4thArraOfDagon the Ruffian (level 5, 0/49 HPs)
             Began as a Troll Transmuter on May 17, 2017.
             Slain by a centaur (8 damage)
             ... on level 5 of the Dungeon.
             The game lasted 00:03:31 (606 turns).

4thArraOfDagon the Ruffian (Troll Transmuter)        Turns: 606, Time: 00:03:31

Health: 0/49       AC:  5    Str: 18    XL:     5   Next: 10%
Magic:  3/5        EV: 16    Int: 10    God:
Gold:   73         SH:  0    Dex: 15    Spells: 3/6 levels left

rFire    . . .     SeeInvis .     - Unarmed
rCold    . . .     Gourm    +   (no shield)
rNeg     . . .     Faith    .   b - +0 robe
rPois    .         Spirit   .   (helmet restricted)
rElec    .         Reflect  .   (no cloak)
rCorr    .         Harm     .   (gloves unavailable)
MR       .....                  (boots unavailable)
Stlth    ++........             (no amulet)
Regen    0.6/turn               (no ring)
MPRegen  0.1/turn               (no ring)

@: agile, very slightly contaminated
A: unfitting armour, claws 3, fast metabolism 3, gourmand, regeneration 1,
shaggy fur 1, tough skin 2
a: no special abilities


You were on level 5 of the Dungeon.
You were full.

You visited 1 branch of the dungeon, and saw 5 of its levels.

You collected 73 gold pieces.

Inventory:

Missiles
 a - 32 arrows
 k - 3 javelins of returning (quivered)
Armour
 b - a +0 robe (worn)
Potions
 e - a potion of curing {unknown}
 h - a potion of lignification {unknown}
 i - a potion of ambrosia {unknown}
 j - a potion of cancellation {unknown}
 l - 2 potions of might {unknown}
Books
 c - a book of Changes

   Spells                             Type                      Level
   a - Beastly Appendage              Transmutation                1
   b - Sticks to Snakes               Transmutation                2
   c - Spider Form                    Transmutation/Poison         3
   d - Ice Form                       Ice/Transmutation            4
   e - Blade Hands                    Transmutation                5
Comestibles
 d - 2 bread rations
 g - 2 meat rations


   Skills:
 + Level 1.9 Fighting
 + Level 2.6 Dodging
 * Level 4.6 Unarmed Combat
 - Level 1.2 Spellcasting
 - Level 1.3 Transmutations


You had 3 spell levels left.
You knew the following spells:

 Your Spells              Type           Power        Failure   Level  Hunger
a - Beastly Appendage     Tmut           #.....       19%         1    ##.....
b - Sticks to Snakes      Tmut           #.......     28%         2    ###....


Dungeon Overview and Level Annotations

Branches:
Dungeon (5/15)
 Temple: D:4-7

Altars:
Dithmenos
Elyvilon
Makhleb
Nemelex Xobeh
Ru
Uskayaw
Xom
Yredelemnul

Annotations:
D:2 Terence


Innate Abilities, Weirdness & Mutations

You are too large for most types of armour.
You have claws for hands.
Your metabolism is lightning-fast.
You like to eat raw meat.
Your natural rate of healing is unusually fast.
You are covered in fur. (AC +1)
You have very tough skin. (AC +2)


Message History

The centaur barely misses you. x2
Unknown command.
You barely miss the centaur.
The centaur is heavily wounded.
The centaur closely misses you.
Unknown command.
You scratch the centaur but do no damage.
The centaur is heavily wounded.
The centaur barely misses you.
Unknown command.
You scratch the centaur but do no damage.
The centaur is moderately wounded.
The centaur hits you!
* * * LOW HITPOINT WARNING * * *
The centaur barely misses you.
Unknown command.
It was a potion of agility.
You feel agile all of a sudden. The centaur hits you!
You die...

#......#.......
#......#########
#......##......#
#..............#
#....>.........#
#..............#
#..............#
#...(..........#
#......(@......#
#......##c.....#
#......# ......#
#....... ......+
#....... .......
#..........#####
#$.........# #
#......###.#


You could see a centaur.

Vanquished Creatures
  A crimson imp (D:5)
  An orc wizard (D:4)
  2 hounds (D:5)
  An adder (D:4)
  A worm (D:4)
  A leopard gecko (D:3)
  3 orcs (D:4)
  2 giant cockroaches (D:3)
  2 hobgoblins
  A quokka (D:4)
  A bat (D:3)
  A frilled lizard (D:4)
  A kobold (D:1)
18 creatures vanquished.

Notes
Turn   | Place    | Note
-------+----------+-------------------------------------------
     0 | D:1      | 4thArraOfDagon the Troll Transmuter began the quest for the Orb.
     0 | D:1      | Reached XP level 1. HP: 18/18 MP: 1/1
    46 | D:2      | Noticed Terence
    98 | D:2      | Found a sacrificial altar of Ru.
    98 | D:2      | Noticed an orc wizard
   128 | D:3      | Reached skill level 1 in Fighting
   183 | D:4      | Reached XP level 2. HP: 22/27 MP: 2/2
   213 | D:4      | Learned a level 2 spell: Sticks to Snakes
   252 | D:4      | Reached XP level 3. HP: 27/33 MP: 1/3
   270 | D:4      | Found a shadowy altar of Dithmenos.
   286 | D:4      | Found a burning altar of Makhleb.
   290 | D:4      | Found a white marble altar of Elyvilon.
   329 | D:4      | Found a shimmering altar of Xom.
   331 | D:4      | Found a basalt altar of Yredelemnul.
   331 | D:4      | Found a sparkling altar of Nemelex Xobeh.
   333 | D:4      | Found a hide-covered altar of Uskayaw.
   333 | D:4      | Found a hide-covered altar of Uskayaw.
   333 | D:4      | Found a sparkling altar of Nemelex Xobeh.
   371 | D:3      | Reached skill level 4 in Unarmed Combat
   422 | D:5      | Entered Level 5 of the Dungeon
   468 | D:5      | Reached XP level 4. HP: 42/42 MP: 4/4
   490 | D:5      | Noticed an ice beast
   589 | D:5      | Reached XP level 5. HP: 42/49 MP: 5/5
   591 | D:5      | Noticed a centaur
   606 | D:5      | Slain by a centaur

Vault maps used:
D:1:      dpeg_arrival_boxes_within_box, minivault_26
D:2:      okawaru_ov_weapons_minmay, nicolae_ru_great_annihilating_truth,
          serial_park_tiny_2, fedhas_altar_4, uniq_sigmund, uniq_terence
D:3:      nicolae_qazlal_eye_of_the_storm, first_bread
D:4:      kennysheep_mini_moat, nicolae_dithmenos_shadow_blocks,
          nicolae_ashenzari_panopticon, doesnt_xom_only_xom, elyvilon_altar_1
D:5:      good_gods_mini_temple, lemuel_doored_altar, minmay_temple_entry_trees

Skill      XL: |  1  2  3 |
---------------+----------+-----
Fighting       | 1 |  1.9
Dodging        | 2 |  2.6
Unarmed Combat | 4 |  4.6
Spellcasting   | |  1.2
Transmutations | |  1.3

Action                   |  1- 3 |  4- 6 || total
-------------------------+-------+-------++-------
Melee: Unarmed           |    70 |    14 ||    84
 Cast: Sticks to Snakes  |     1 |       ||     1
  Use: Scroll            |     1 |     1 ||     2
       Potion            |       |     1 ||     1
  Eat: Chunk             |     8 |       ||     8
Armor: Robe              |    36 |     2 ||    38
Dodge: Dodged            |    43 |     9 ||    52
